 Dungeon Crawl Stone Soup version 0.29.1-15-g9cfb28693d (webtiles) character file.

Game seed: 4661700164946758203

97216 croobank the Unforgettable (level 15, -13/101 HPs)
             Began as a Demonspawn Fire Elementalist on Mar 19, 2023.
             Was the Champion of Hepliaklqana.
             Mangled by an orc warrior
             ... wielding a +0 halberd of venom
             ... led by an orc warlord
              (20 damage)
             ... on level 2 of the Orcish Mines on Mar 20, 2023.
             The game lasted 01:43:26 (28696 turns).

croobank the Unforgettable (DsFE)                  Turns: 28696, Time: 01:43:26

Health: -13/101    AC: 14    Str:  9    XL:     15   Next: 71%
Magic:  26/26      EV: 21    Int: 22    God:    Hepliaklqana [******]
Gold:   1635       SH:  5    Dex: 15    Spells: 4/29 levels left

rFire   . . .      SeeInvis +   q - +9 staff of Olgreb {rPois∞}
rCold   . . .      Faith    .   (no shield)
rNeg    . . .      Spirit   .   b - +2 robe {Archmagi}
rPois   ∞          Reflect  +   (helmet unavailable)
rElec   .          Harm     .   (no cloak)
rCorr   .          Rampage  .   (no gloves)
Will    +....      Archmagi +   n - +2 pair of boots
Stlth   ++++......              G - amulet of reflection
HPRegen 9.26/turn               c - +4 ring of protection
MPRegen 0.20/turn               P - ring of poison resistance

@: mighty, agile
A: reduced essence, antennae 3, thin metallic scales 2, powered by death 3,
powered by pain 1
a: Renounce Religion, Evoke the Staff of Olgreb, Recall Ancestor, Ancestor
Identity, Transference, Idealise


You were on level 2 of the Orcish Mines.
You worshipped Hepliaklqana.
Hepliaklqana was exalted by your worship.
You visited 3 branches of the dungeon, and saw 21 of its levels.
You also visited: Sewer and Ice Cave.

You collected 2393 gold pieces.
You spent 758 gold pieces at shops.

Inventory:

Hand Weapons
 q - the +9 staff of Olgreb (weapon) {rPois∞}
   (You found it on level 8 of the Dungeon)

   If the wielder is skilled in Evocations, they can envenom those struck by it,
   dealing poison damage which bypasses armour.
   It enhances your poison magic.
   It grants immunity to poison.
   It can be activated via the 'a'bility menu to radiate toxic energy, with
   effectiveness depending on Evocations skill.
 r - a +2 flail of venom
 v - a +4 dagger of venom
 w - a +0 demon whip of venom
 C - a +6 spectral war axe
 M - a +2 scimitar of flaming
 N - a +5 short sword
 W - a +2 sling of flaming
Missiles
 a - 11 curare-tipped darts
 f - 7 javelins
 g - 48 poisoned darts
 A - 2 atropa-tipped darts
 E - 19 boomerangs
Armour
 b - a +2 robe of the Archmagi (worn)
 m - a +3 leather armour of cold resistance
 n - a +2 pair of boots (worn)
 D - the +1 ring mail "Xuca" {Harm rF+ MP+9 Stlth+}
   (You found it on level 12 of the Dungeon)

   rF:        It protects you from fire.
   MP:        It affects your magic capacity (+9).
   Harm:      It increases damage dealt and taken.
   Stlth:     It makes you more stealthy.
 R - a +0 troll leather armour
Jewellery
 c - a +4 ring of protection (left hand)
 j - a +4 ring of protection
 l - an amulet of guardian spirit
 B - a ring of resist corrosion
 G - an amulet of reflection (around neck)
 K - a ring of fire
 P - a ring of poison resistance (right hand)
 Q - a +6 ring of dexterity
 T - a ring of protection from fire
Wands
 e - a wand of roots (12)
 p - a wand of polymorph (13)
 s - a wand of digging (17)
 O - a wand of flame (16)
 S - a wand of mindburst (2)
 X - a wand of paralysis (2)
Scrolls
 i - a scroll of summoning
 o - 4 scrolls of vulnerability
 t - 4 scrolls of enchant armour
 x - 5 scrolls of butterflies
 y - a scroll of fear
 z - 10 scrolls of teleportation
 J - a scroll of immolation
 L - a scroll of magic mapping
 Z - a scroll of amnesia
Potions
 d - 10 potions of curing
 h - a potion of cancellation
 k - a potion of attraction
 u - 3 potions of lignification
 F - 5 potions of mutation
 H - 3 potions of brilliance
 U - 5 potions of flight


   Skills:
 - Level 9.3 Fighting
 - Level 6.8 Armour
 - Level 7.8 Dodging
 - Level 8.6 Stealth
 - Level 7.9 Spellcasting
 - Level 8.4 Conjurations
 - Level 4.0 Hexes
 - Level 10.3 Summonings
 - Level 0.6 Translocations
 - Level 8.2 Fire Magic
 - Level 13.6 Invocations
 + Level 9.0 Evocations


You had 4 spell levels left.
You knew the following spells:

 Your Spells              Type           Power      Damage    Failure   Level
a - Foxfire               Conj/Fire      100%       2x1d9     1%          1
b - Scorch                Fire           100%       2d10      1%          2
c - Flame Wave            Conj/Fire      62%        2d14      2%          4
d - Inner Flame           Hex/Fire       52%        N/A       1%          3
e - Fireball              Conj/Fire      31%        3d13      7%          5
f - Summon Forest         Summ/Tloc      24%        N/A       22%         5
g - Summon Mana Viper     Hex/Summ       57%        N/A       11%         5

Your spell library contained the following spells:

 Spells                   Type           Power      Damage    Failure   Level
 Magic Dart               Conj           100%       1d8       1%          1
 Slow                     Hex            100%       N/A       1%          1
 Searing Ray              Conj           100%       2d8       1%          2
 Static Discharge         Conj/Air       41%        3-9/arc   1%          2
 Conjure Flame            Conj/Fire      62%        6-21      1%          3
 Sticky Flame             Conj/Fire      62%        2d8       2%          4
 Confusing Touch          Hex            40%        N/A       4%          3
 Fulminant Prism          Conj/Hex       26%        3d14      5%          4
 Freeze                   Ice            52%        1d7       8%          1
 Necrotise                Necr           52%        1d6       8%          1
 Blink                    Tloc           34%        N/A       9%          2
 Hailstorm                Conj/Ice       41%        3d10      13%         4
 Lesser Beckoning         Tloc           17%        N/A       17%         3
 Frozen Ramparts          Ice            26%        1d4       22%         3
 Vampiric Draining        Necr           13%        2d6       22%         3
 Dispel Undead            Necr           13%        3d9       58%         4
 Summon Cactus Giant      Summ           34%        N/A       16%         6
 Irradiate                Conj/Tmut      20%        3d18      36%         5
 Starburst                Conj/Fire      31%        6d9       36%         6
 Manifold Assault         Tloc           17%        N/A       85%         5
 Agony                    Necr           13%        N/A       91%         5
 Blade Hands              Tmut           6%         N/A       91%         5
 Dragon Form              Tmut           6%         N/A       100%        7
 Storm Form               Tmut/Air       6%         N/A       100%        7
 Ignition                 Fire           30%        3d10      100%        8


Dungeon Overview and Level Annotations

Branches:
Dungeon (14/15)            Temple (0/1) D:5            Lair (5/5) D:10
 Shoals (0/4) Lair:2        Snake (0/4) Lair:2        Slime (0/5) Lair:4
    Orc (2/2) D:11            Elf (0/3) Orc:2        Vaults (0/5) D:13
  Sewer (visited)           IceCv (visited)

Altars:
Dithmenos
Hepliaklqana
Sif Muna
Uskayaw
Jiyva

Shops:
D:2 ?   D:8 :   Orc:2 :

Annotations:
D:5 3 runed translucent doors, sigtrap's ghost, novice FoFi
D:11 3 runed translucent doors, kingofthe's ghost, journeyman DECj
D:12 3 runed translucent doors, Lysca's ghost, journeyman BaSu
D:13 exclusion: downstairs
D:14 Jorgrun


Innate Abilities, Weirdness & Mutations

Your life essence is reduced to manifest your ancestor. (-10% HP)
You have a pair of large antennae on your head. (SInv)
You are mostly covered in thin metallic scales. (AC +3)
You regenerate a lot of health from kills.
You sometimes gain a little power by taking damage.


Message History

The orc warlord barely misses you.
The orc warrior hits you with a +0 flail!
Casting: Scorch (safe; 1% risk of failure)
Confirm with . or Enter, or press ? or * to list all spells.
You feel a surge of power!
Flames lash the orc priest.
The orc priest is burned terribly!
You kill the orc priest!
The orc warlord roars a battlecry!
The orc warrior goes into a battle-frenzy!
The orc warrior hits you with a +0 flail.
The orc warrior misses you.
Casting: Scorch (safe; 1% risk of failure)
Confirm with . or Enter, or press ? or * to list all spells.
You feel a surge of power!
Flames lash the orc warlord.
The orc warlord is almost dead.
The orc warlord's fire resistance burns away.
The orc warlord closely misses you.
The orc warrior hits you with a +0 flail.
The orc warrior hits you from afar with a +0 halberd of venom!!
You focus on the pain.
You feel agile all of a sudden.
You barely miss the orc warlord.
The orc warlord is almost dead.
You block the orc warlord's attack.
The orc warrior hits you but does no damage.
The orc warrior closely misses you.
You completely miss the orc warlord.
The orc warlord is almost dead.
The orc warlord hits you with a +0 battleaxe!!
The orc warrior hits you with a +0 flail!
The orc warrior misses you.
Casting: Scorch (safe; 1% risk of failure)
Confirm with . or Enter, or press ? or * to list all spells.
You feel a surge of power!
Flames lash the orc warrior.
You kill the orc warrior!
The orc warlord hits you with a +0 battleaxe!!
* * * LOW HITPOINT WARNING * * *
You focus on the pain.
You feel your power returning.
The orc warrior hits you from afar with a +0 halberd of venom!!
You die...

.##
#.......##......
.#
##.......#....#
.#
##...........##
.#
###......8.8.###
.# ##
#...#.........#
.##.##
#.....##'''##...#
.....#
##..###.).).# .
...#### #.##
#8...8# ......#
#. ##)@o##
......### #)))#
.......#
#...).o)'.
.......#
.#...#)))#...
......##
.#####)8.#####
.....## .# #.).#
.....# .# '..))
...### .# #...#
##.# ### .##
#...♣


You could see an orc warlord (very poisoned, combustible) and an orc warrior
(strong).

Vanquished Creatures
  Rupert (Orc:2)
  2 vault guards (D:13)
  4 hydras
  2 two-headed ogres
  A centaur warrior (D:13)
  11 death yaks
  Sonja (Lair:1)
  Amaemon (Lair:1)
  Lodul (D:13)
  2 deep elf pyromancers
  3 orc knights
  3 ugly things
  A necromancer (D:13)
  An oklob plant (D:10)
  2 orc sorcerers (Orc:2)
  A cyclops (D:13)
  A manticore (D:13)
  4 elephants
  A black mamba (Lair:5)
  2 molten gargoyles (Lair:5)
  3 cane toads
  An orange demon (Lair:1)
  A kobold demonologist (D:13)
  13 rime drakes
  An efreet (D:13)
  3 komodo dragons
  7 trolls
  3 polar bears (IceCv)
  3 slime creatures
  A snapping turtle (Lair:2)
  8 blink frogs
  2 dream sheep (Lair:3)
  Sigmund (D:2)
  3 wraiths
  Eustachio (D:5)
  21 yaks
  7 basilisks
  A vampire (D:10)
  6 wyverns
  13 humans (D:13)
  13 steam dragons
  A redback (D:8)
  A vampire mosquito (D:10)
  8 water moccasins
  5 hell hounds
  16 orc warriors
  An ice beast (D:5)
  Pargi (Sewer)
  5 black bears
  A sky beast (D:8)
  8 ogres
  3 wolves
  3 centaurs (D:13)
  2 phantoms
  A battlemage (Orc:1)
  A kobold brigand (D:10)
  5 bullfrogs
  2 scorpions
  3 wights
  Dowan (D:7)
  10 killer bees (D:8)
  3 electric eels (Lair:3)
  6 lava snakes
  4 hounds
  3 jellies
  12 orc priests
  3 gnoll boudas
  14 orc wizards
  6 hell rats
  2 human simulacra (D:9)
  Robin (D:4)
  12 gnolls
  9 adders
  6 river rats
  2 shadow imps
  2 white imps
  4 ufetubi
  5 worms
  2 dart slugs
  61 orcs
  5 ball pythons
  2 endoplasms
  4 giant cockroaches
  11 goblins
  10 hobgoblins
  A jackal (D:5)
  A quokka (D:3)
  5 bats
  6 frilled lizards
  12 kobolds
  4 rats (D:3)
453 creatures vanquished.

Vanquished Creatures (collateral kills)
  An orc warlord (Orc:2)
  Azrael (Orc:2)
  A fire dragon (Lair:5)
  A vault guard (D:13)
  3 boulder beetles
  2 hydras
  2 death yaks
  A lindwurm (Lair:5)
  A wizard (D:13)
  2 orc knights
  A cyclops (D:13)
  Maurice (D:9)
  2 black mambas (Lair:5)
  8 elephants
  A molten gargoyle (Lair:5)
  A torpor snail (Lair:3)
  A gargoyle (D:12)
  4 rime drakes
  A cane toad (Lair:5)
  A kobold demonologist (D:13)
  8 komodo dragons
  A yaktaur (D:13)
  A troll (Orc:1)
  4 blink frogs
  2 slime creatures
  4 dream sheep
  3 wyverns
  A wraith (D:9)
  A vampire (D:8)
  9 yaks
  6 humans (D:13)
  2 basilisks
  2 redbacks (D:8)
  A vampire mosquito (D:10)
  2 wargs
  2 nagas (Lair:2)
  8 water moccasins
  Duvessa (D:7)
  5 hell hounds
  An ice beast (D:8)
  14 orc warriors
  6 ogres
  4 wolves (Lair:5)
  3 centaurs
  6 kobold brigands
  A bullfrog (D:7)
  4 scorpions
  A two-headed ogre simulacrum (D:11)
  4 wights
  2 killer bees (D:8)
  A crimson imp (D:4)
  A lava snake (Lair:5)
  3 hounds
  3 orc priests
  15 orc wizards
  2 hell rats
  An iguana (D:7)
  A spriggan simulacrum (D:11)
  8 gnolls
  2 adders
  4 river rats (Lair:1)
  A white imp (D:7)
  An ufetubus (D:6)
  A dart slug (D:4)
  26 orcs
  3 goblins (D:4)
  A jackal (D:5)
  2 kobolds (D:8)
  A rat (Lair:1)
  5 foxfires (Lair:1)
227 creatures vanquished.

Vanquished Creatures (others)
  24 battlemagi
  2 orcs (Orc:2)
  1322 foxfires
  20 fungi
  20 plants
1388 creatures vanquished.

Grand Total: 2068 creatures vanquished

Notes
Turn   | Place    | Note
-------+----------+-------------------------------------------
     0 | D:1      | croobank the Demonspawn Fire Elementalist began the quest
                  | for the Orb.
     0 | D:1      | Reached XP level 1. HP: 13/13 MP: 3/3
   381 | D:1      | Gained mutation: You sometimes gain a little power by
                  | taking damage. [demonic ancestry]
   381 | D:1      | Reached XP level 2. HP: 4/19 MP: 0/5
  1203 | D:2      | Learned a level 2 spell: Scorch
  1215 | D:2      | Gained mutation: You are partially covered in thin metallic
                  | scales. (AC +2) [demonic ancestry]
  1215 | D:2      | Reached XP level 3. HP: 21/25 MP: 0/6
  1554 | D:2      | Found Yfiuqy's Magic Scroll Shop.
  1562 | D:2      | Bought a scroll of identify for 20 gold pieces
  1674 | D:2      | Noticed Sigmund
  1694 | D:2      | Killed Sigmund
  1695 | D:2      | Reached skill level 1 in Armour
  1695 | D:2      | Reached XP level 4. HP: 33/33 MP: 2/7
  1695 | D:2      | Reached XP level 5. HP: 38/38 MP: 2/8
  2487 | D:3      | Found a hazy altar of Hepliaklqana.
  2488 | D:3      | Found a hide-covered altar of Uskayaw.
  2488 | D:3      | Found a shadowy altar of Dithmenos.
  2500 | D:3      | Became a worshipper of Hepliaklqana the Forgotten
  3015 | D:3      | Reached skill level 1 in Invocations
  3028 | D:3      | Found a glowing drain.
  3064 | Sewer    | Entered a sewer
  3068 | Sewer    | Gained mutation: You regenerate a little health from kills.
                  | [demonic ancestry]
  3068 | Sewer    | Reached XP level 6. HP: 44/44 MP: 4/9
  3160 | Sewer    | Noticed Pargi
  3170 | Sewer    | Killed Pargi
  3923 | D:3      | Reached skill level 2 in Invocations
  4175 | D:3      | Reached XP level 7. HP: 35/52 MP: 6/11
  4333 | D:3      | Learned a level 4 spell: Flame Wave
  4366 | D:3      | Found a faded altar of an unknown god.
  4442 | D:3      | Reached * piety under Hepliaklqana
  4603 | D:4      | Noticed Robin
  4708 | D:4      | Killed Robin
  4747 | D:4      | Reached skill level 3 in Invocations
  5923 | D:5      | Entered Level 5 of the Dungeon
  5939 | D:5      | Reached XP level 8. HP: 54/54 MP: 5/12
  6096 | D:5      | Noticed Eustachio
  6124 | D:5      | Killed Eustachio
  6125 | D:5      | Reached skill level 4 in Invocations
  6238 | D:5      | Found a runed translucent gate.
  6238 | D:5      | Found a runed translucent gate.
  6238 | D:5      | Noticed sigtrap's ghost (novice FoFi)
  6239 | D:5      | Found a runed translucent gate.
  6341 | D:5      | Reached ** piety under Hepliaklqana
  6342 | D:5      | Remembered your ancestor Kateb as a battlemage
  6343 | D:5      | Found a staircase to the Ecumenical Temple.
  6838 | D:5      | Reached skill level 5 in Invocations
  7341 | D:6      | Gained mutation: You have a pair of small antennae on your
                  | head. [demonic ancestry]
  7341 | D:6      | Reached XP level 9. HP: 59/59 MP: 3/14
  7559 | D:6      | Noticed a troll
  7576 | D:6      | Killed a troll
  7577 | D:6      | Reached skill level 5 in Fighting
  7730 | D:6      | Reached skill level 6 in Invocations
  8608 | D:7      | Reached skill level 5 in Armour
  8748 | D:7      | Noticed a deep elf pyromancer
  8765 | D:7      | Killed a deep elf pyromancer
  8766 | D:7      | Reached skill level 7 in Invocations
  8872 | D:7      | Noticed Duvessa
  8872 | D:7      | Noticed Dowan
  8877 | D:7      | Killed Dowan
  8883 | D:7      | Killed Duvessa
  8898 | D:7      | Reached skill level 5 in Fire Magic
  8898 | D:7      | Gained mutation: You regenerate health from kills. [demonic
                  | ancestry]
  8898 | D:7      | Reached XP level 10. HP: 61/68 MP: 11/16
  9175 | D:7      | Found a shimmering blue altar of Sif Muna.
  9399 | D:8      | Reached skill level 5 in Stealth
  9486 | D:8      | Found Bunudd's Book Boutique.
  9561 | D:8      | Reached *** piety under Hepliaklqana
  9808 | D:8      | Reached skill level 8 in Invocations
  9858 | D:8      | Found the +9 staff of Olgreb {rPois∞}
 10024 | D:8      | Found a runed translucent door.
 10029 | D:8      | Found a runed translucent gate.
 10029 | D:8      | Found a runed translucent gate.
 10030 | D:8      | Found a runed translucent door.
 10041 | D:8      | Found a runed translucent gate.
 10260 | D:8      | Reached skill level 5 in Conjurations
 10899 | D:9      | Reached skill level 5 in Spellcasting
 11022 | D:9      | Noticed Maurice
 11027 | D:9      | Reached skill level 5 in Dodging
 11036 | D:9      | Killed Maurice
 11037 | D:9      | Reached skill level 9 in Invocations
 11775 | D:8      | Bought a book of the Wilderness for 418 gold pieces
 11864 | D:10     | Entered Level 10 of the Dungeon
 11898 | D:10     | Reached **** piety under Hepliaklqana
 12127 | D:10     | Reached skill level 1 in Summonings
 12211 | D:10     | Noticed a two-headed ogre
 12218 | D:10     | Killed a two-headed ogre
 12219 | D:10     | Gained mutation: You have a pair of antennae on your head.
                  | [demonic ancestry]
 12219 | D:10     | Reached XP level 11. HP: 74/74 MP: 11/19
 12373 | D:10     | Noticed a three-headed hydra
 12380 | D:10     | Killed a three-headed hydra
 12763 | D:10     | Found a staircase to the Lair.
 12763 | D:10     | Noticed an oklob plant
 12777 | D:10     | Killed an oklob plant
 12778 | D:10     | Reached skill level 10 in Invocations
 13413 | D:11     | Found a runed translucent gate.
 13414 | D:11     | Found a runed translucent gate.
 13415 | D:11     | Found a runed translucent gate.
 13498 | D:11     | Noticed a two-headed ogre
 13505 | D:11     | Killed a two-headed ogre
 13663 | D:11     | Noticed a minotaur
 13664 | D:11     | Noticed kingofthe's ghost (journeyman DECj)
 13665 | D:11     | Found a staircase to the Orcish Mines.
 13669 | D:11     | Noticed a green ugly thing
 13679 | D:11     | Killed a green ugly thing
 13778 | D:11     | Noticed a five-headed hydra
 13810 | D:11     | Killed a one-headed hydra
 13851 | D:11     | Found a frozen archway.
 13875 | IceCv    | Entered an ice cave
 13999 | IceCv    | Noticed a death yak
 14013 | IceCv    | Killed a death yak
 14014 | IceCv    | Reached skill level 11 in Invocations
 14146 | IceCv    | Noticed a death yak
 14149 | IceCv    | Noticed a death yak
 14164 | IceCv    | Killed a death yak
 14173 | IceCv    | Killed a death yak
 14174 | IceCv    | Reached XP level 12. HP: 30/81 MP: 21/21
 14486 | IceCv    | Learned a level 3 spell: Inner Flame
 14499 | IceCv    | HP: 4/81 [ice statue/shard of ice (21)]
 14500 | IceCv    | HP: 1/81 [ice statue (1)]
 15203 | IceCv    | Noticed a frost giant
 15203 | IceCv    | Noticed a death yak
 15764 | D:12     | Found a runed translucent gate.
 15765 | D:12     | Found a runed translucent gate.
 15766 | D:12     | Found a runed translucent gate.
 15769 | D:12     | Noticed Lysca's ghost (journeyman BaSu)
 15841 | D:12     | Noticed a boulder beetle
 15855 | D:12     | Killed a boulder beetle
 15856 | D:12     | Reached skill level 5 in Summonings
 16358 | D:12     | Identified the +1 ring mail "Xuca" {Harm rF+ MP+9 Stlth+}
 16669 | D:13     | Noticed a boulder beetle
 16680 | D:13     | Killed a boulder beetle
 16854 | D:13     | Noticed Lodul
 16865 | D:13     | Killed Lodul
 17165 | Lair:1   | Entered Level 1 of the Lair of Beasts
 17231 | Lair:1   | Reached ***** piety under Hepliaklqana
 17253 | Lair:1   | Reached skill level 12 in Invocations
 17600 | Lair:1   | Noticed a death yak
 17605 | Lair:1   | Noticed Sonja
 17605 | Lair:1   | Noticed a death yak
 17605 | Lair:1   | Killed a death yak
 17607 | Lair:1   | Noticed a death yak
 17607 | Lair:1   | Noticed a death yak
 17628 | Lair:1   | Killed a death yak
 17632 | Lair:1   | Killed a death yak
 17634 | Lair:1   | Killed a death yak
 17637 | Lair:1   | Killed Sonja
 17888 | Lair:1   | Noticed Amaemon
 17897 | Lair:1   | Killed Amaemon
 18091 | Lair:1   | Gained mutation: You have a pair of large antennae on your
                  | head. (SInv) [demonic ancestry]
 18091 | Lair:1   | Reached XP level 13. HP: 88/88 MP: 23/23
 18760 | Lair:2   | Gained mutation: You are mostly covered in thin metallic
                  | scales. (AC +3) [demonic ancestry]
 18760 | Lair:2   | Reached XP level 14. HP: 66/94 MP: 24/24
 18769 | Lair:2   | Reached skill level 1 in Hexes
 19231 | Lair:2   | Found a staircase to the Shoals.
 19596 | Lair:2   | Found a staircase to the Snake Pit.
 21202 | Lair:4   | Reached skill level 13 in Invocations
 21369 | Lair:4   | Learned a level 5 spell: Fireball
 21548 | Lair:4   | Found a viscous altar of Jiyva.
 21549 | Lair:4   | Found a staircase to the Slime Pits.
 22499 | Lair:5   | Entered Level 5 of the Lair of Beasts
 23101 | Lair:5   | Reached skill level 10 in Summonings
 24208 | Lair:5   | Reached ****** piety under Hepliaklqana
 24263 | Lair:5   | Gained mutation: You regenerate a lot of health from kills.
                  | [demonic ancestry]
 24263 | Lair:5   | Reached XP level 15. HP: 101/101 MP: 16/26
 24391 | Lair:5   | Found a large runed translucent door.
 24391 | Lair:5   | Found a large runed translucent door.
 24801 | D:2      | Bought a scroll of summoning for 95 gold pieces
 24801 | D:2      | Bought 3 scrolls of enchant weapon for 225 gold pieces
 24968 | D:8      | Learned a level 5 spell: Summon Forest
 25380 | D:13     | Reached skill level 1 in Evocations
 26082 | D:13     | Reached skill level 5 in Evocations
 26746 | D:13     | Found a gate to the Vaults.
 26904 | D:14     | Noticed Jorgrun
 27021 | Orc:1    | Entered Level 1 of the Orcish Mines
 27208 | Orc:2    | Entered Level 2 of the Orcish Mines
 27252 | Orc:2    | Noticed Rupert
 27253 | Orc:2    | Noticed an orc warlord
 27289 | Orc:2    | Killed Rupert
 27299 | Orc:2    | Killed an orc warlord
 27706 | Orc:2    | Found Hiehoylo's Book Boutique.
 27723 | Orc:2    | Learned a level 5 spell: Summon Mana Viper
 27737 | Orc:2    | Noticed Azrael
 27745 | Orc:2    | Killed Azrael
 28510 | Orc:2    | Found a staircase to the Elven Halls.
 28669 | Orc:2    | Noticed an orc warlord
 28696 | Orc:2    | Mangled by an orc warrior

Illustrated notes

Levels and vault maps discovered:
D:1:      lightli_arrival_flooded_house, layout_rooms, serial_bayou_pond_a,
          minmay_split_cup_small
D:2:      layout_basic, serial_shops, nicolae_shop_crystal, minmay_heptomino_o4,
          uniq_sigmund
D:3:      layout_loops_corners, chequers_temple_overflow_statue_of_worship,
          basic_ecumenical_altar, lightli_sewer_entry_pipes,
          guppyfry_early_lair_pool
D:4:      layout_cave_pools, minmay_fire_ice_demons, uniq_robin
D:5:      layout_loops_ring, minmay_temple_entry_slanted, gammafunk_ghost_split,
          uniq_eustachio
D:6:      layout_basic, hangedman_decor_lopped, chequers_serial_rivers_large_b
D:7:      layout_basic, lemuel_round_altar, minivault_24, uniq_duvessa
D:8:      layout_cave_pods, serial_shops, nicolae_shop_stone,
          minmay_guarded_unrand_staff_of_olgreb
D:9:      layout_gridville, bh_circular_ruins, uniq_maurice
D:10:     layout_cave_pods, dpeg_oklobed_lair, dk_vineyard_1, hangedman_ranch
D:11:     layout_basic, orc_0_dummy, portal_ice_cave_entry_ice_simulacra,
          maelrawn_ghost_gauntlet_escape
D:12:     layout_basic, gammafunk_ghost_necromancy, drop_trap
D:13:     layout_roguey, grunt_vaults_entry_tiered, uniq_lodul
D:14:     layout_irregular_city, grunt_decor_cap, uniq_josephine, uniq_jorgrun
Lair:1:   layout_layer_cave, st_stairs_12, kennysheep_rathole,
          grunt_megastairs_4, uniq_sonja, uniq_amaemon
Lair:2:   layout_chaotic_city, minmay_shoals_entry_hut,
          guppyfry_snake_entry_island, bobbens_dragon_lair_wall
Lair:3:   wander_river, layout_misc_corridors, nicolae_lair_liquid_snakes,
          lemuel_fruit_tree
Lair:4:   layout_loops_ring, minmay_slime_entry_pillars
Lair:5:   cheibrodos_lair_end_hotspot, layout_cave_pods
Orc:1:    layout_caves
Orc:2:    grunt_orc_community_town_hall, layout_diamond_mine,
          grunt_orc_community_big_house_1, grunt_orc_community_big_house_2,
          grunt_orc_community_house_3, grunt_orc_community_house_1,
          grunt_orc_community_house_3, grunt_orc_community_house_2, basic_altar,
          uniq_rupert, uniq_azrael

Skill      XL: |  1  2  3  4  5  6  7  8  9 10 11 12 13 14 15 |
---------------+----------------------------------------------+-----
Stealth        | 2 3 4 5 6 7 8 |  8.6
Dodging        | 2 3 4 5 6 7 |  7.8
Fighting       | 2 3 4 5 6 7 8 9 |  9.3
Armour         | 1 2 3 4 5 6 |  6.8
Fire Magic     | 3 4 5 6 7 8 |  8.2
Conjurations   | 2 3 4 5 6 7 8 |  8.4
Invocations    | 1 2 3 5 7 9 11 12 13 | 13.6
Spellcasting   | 3 4 5 6 7 |  7.9
Summonings     | 1 4 9 10 | 10.3
Hexes          | 3 4 |  4.0
Evocations     | 9 |  9.0
Translocations | |  0.6

Action                   |  1- 3 |  4- 6 |  7- 9 | 10-12 | 13-15 || total
-------------------------+-------+-------+-------+-------+-------++-------
Melee: Short sword       |    20 |     7 |       |       |       ||    27
       Dagger            |       |    47 |    68 |    26 |       ||   141
       Punch             |       |     1 |     1 |     5 |     4 ||    11
       War axe           |       |       |       |    66 |   105 ||   171
       Hand axe          |       |       |       |    11 |       ||    11
       Staff             |       |       |       |       |    71 ||    71
Throw: Throwing net      |       |     3 |       |     1 |       ||     4
 Cast: Foxfire           |    46 |    41 |   149 |   201 |   334 ||   771
       Scorch            |     3 |    40 |    87 |   208 |   254 ||   592
       Flame Wave        |       |       |       |       |     9 ||     9
       Fireball          |       |       |       |       |     2 ||     2
       Summon Forest     |       |       |       |       |     4 ||     4
Invok: Ancestor Life: Ba |       |       |     1 |       |       ||     1
       Recall Ancestor   |       |       |       |       |     2 ||     2
 Abil: Evoke the Staff o |       |       |       |       |    15 ||    15
Evoke: Wand              |       |       |       |     4 |    10 ||    14
  Use: Scroll            |     6 |     1 |    13 |    15 |    15 ||    50
       Potion            |     1 |     2 |     3 |     8 |     4 ||    18
 Stab: Distracted        |       |       |       |     3 |     2 ||     5
       Sleeping          |       |       |       |       |     3 ||     3
       Invisible         |       |       |       |       |     1 ||     1
Armor: Robe              |     2 |       |       |       |   121 ||   123
       Leather armour    |    10 |    68 |    67 |    72 |       ||   217
       Ring mail         |       |       |       |     2 |     8 ||    10
Dodge: Dodged            |    16 |    78 |    75 |   107 |   348 ||   624
Block: Other             |       |       |    22 |    45 |    94 ||   161
       Reflection        |       |       |       |     3 |     8 ||    11
